 Dungeon Crawl Stone Soup version 0.31-a0-202-g547052bce9 (webtiles) character file.

Game seed: 890401083140142408

35 qw the Shooter (level 3, 0/20 HPs)
             Began as a Deep Elf Hunter on June 26, 2023.
             Succumbed to their own poison gas
             ... on level 2 of the Dungeon.
             The game lasted 00:00:28 (1402 turns).

qw the Shooter (Deep Elf Hunter)                    Turns: 1402, Time: 00:00:29

Health: 0/20       AC:  8    Str: 16    XL:     3   Next: 17%
Magic:  5/5        EV: 10    Int: 13    God:
Gold:   25         SH:  0    Dex: 18    Spells: 2/2 levels left

rFire   . . .        Y - +0 shortbow
rCold   . . .        (shield currently unavailable)
rNeg    . . .        e - +0 scale mail
rPois   .            (no helmet)
rElec   .            l - +1 cloak {Stlth+}
rCorr   .            (no gloves)
SInv    .            (no boots)
Will    .....        (no amulet)
Stlth   ++           g - +4 ring of slaying {mikee}
HPRegen 0.23/turn    i - +6 ring of strength
MPRegen 0.09/turn

%: no passive effects
@: lethally poisoned (0 -> -5), weak-willed
A: no striking features
a: no special abilities


You were on level 2 of the Dungeon.
You visited 1 branch of the dungeon, and saw 2 of its levels.

You collected 95 gold pieces.
You spent 70 gold pieces at shops.


   Skills:
 - Level 1.5 Fighting
 + Level 6.8 Ranged Weapons
 - Level 2.4 Dodging
 - Level 1.2 Stealth


You had 2 spell levels left.
You didn't know any spells.
Your spell library was empty.

Inventory:

Hand Weapons
 Y - a +0 shortbow (weapon)
Armour
 e - a +0 scale mail (worn)
 l - a +1 cloak of stealth (worn)
Jewellery
 g - a +4 ring of slaying (left hand) {mikee}
 i - a +6 ring of strength (right hand)
Scrolls
 h - 2 scrolls of identify
 j - a scroll of teleportation
Potions
 c - a potion of heal wounds
 f - a potion of mutation

Dungeon Overview and Level Annotations

Branches:
Dungeon (2/15)

Altars:

Shops:
D:2 =?


Message History

It was a scroll of blinking.
Done exploring.
1394 ||| READING 4 scrolls of identify.
As you read the scroll of identify, it crumbles to dust.
c - a potion of heal wounds;
1394 ||| IDENTIFYING emerald potion Done exploring.
1395 ||| READING 3 scrolls of identify.
As you read the scroll of identify, it crumbles to dust.
f - a potion of mutation
1395 ||| IDENTIFYING fuming sapphire potion Done exploring.
(D) Dungeon
Where to? (* - list waypoints, Enter - D:2, ? - help)
What level of the Dungeon? (default 1, ? - help) Sorry, I don't know how to get there.
Enter note:
Enter note:
Enter note:
Enter note:
Enter note:
Enter note: Really walk into that cloud of poison gas?
You are engulfed in poison gas.
You are lethally poisoned!
You feel very sick.
There is an open translucent door here.
1397 ||| Stepping ~*~*~tactically~*~*~ (cloud).
You feel very sick.
There is an entrance to Asugovo's Jewellery Boutique here.
You see here a ring of flight.
There is a lethal amount of poison in your body!
You feel very sick.
There is a lethal amount of poison in your body!
You feel very sick.
There is a lethal amount of poison in your body!
You feel sick.
There is a lethal amount of poison in your body!
You feel sick.
There is a lethal amount of poison in your body!
You die...

#.#.# #.# #.# ## #.#.# #.# ##.##
.###.#.# ############.# #....
.##....# #............# #..##
.......###.############ #..#
.........#.# #..# .#......#..#
##### ##..##
###....###0#################.\...
# ##..## ##¤¤000@#.............##
###.##.###0#####################
.#%.....#.## ##### #.#.####.##
#.#.####.# ...#.....# #.#.######
#.#.# ######### #.#.## #.......#


There were no monsters in sight!

Vanquished Creatures
  5 ball pythons
  3 endoplasms
  A giant cockroach (D:2)
  4 goblins
  3 hobgoblins
  6 kobolds
  2 quokkas
  2 bats
  A frilled lizard (D:1)
  4 rats
31 creatures vanquished.

Notes
Turn   | Place    | Note
-------+----------+-------------------------------------------
     0 | D:1      | qw the Deep Elf Hunter began the quest for the Orb.
     0 | D:1      | Reached XP level 1. HP: 12/12 MP: 3/3
     0 | D:1      | 0 ||| qw: Version: 0.3-a-22-g0ed2b0b
     0 | D:1      | 0 ||| qw: Game counter: 6169
     0 | D:1      | 0 ||| qw: Melee chars always use a shield: true
     0 | D:1      | 0 ||| qw: God list: Okawaru
     0 | D:1      | 0 ||| qw: Allow faded altars: false
     0 | D:1      | 0 ||| qw: Do Orc after clearing Dungeon:15 true
     0 | D:1      | 0 ||| qw: Do second Lair branch before Depths: true
     0 | D:1      | 0 ||| qw: Lair rune preference: random
     0 | D:1      | 0 ||| qw: Goals: Normal
     0 | D:1      | 0 ||| PLANNING D:1-11
   173 | D:1      | Reached XP level 2. HP: 16/16 MP: 4/4
   285 | D:1      | Reached skill level 6 in Ranged Weapons
   737 | D:1      | 737 ||| UPGRADING to +0 scale mail.
   747 | D:1      | 747 ||| DROPPING +0 leather armour.
   748 | D:1      | 748 ||| READING 2 scrolls labelled XIAHEH ASIDOYL.
   749 | D:1      | 749 ||| READING scroll labelled JUFAIMIOBA.
   750 | D:1      | 750 ||| READING scroll labelled PUEXEQ XELAST.
   751 | D:1      | 751 ||| READING 2 scrolls labelled YXTAGR RAWN.
   752 | D:1      | 752 ||| DROPPING scroll of noise.
   753 | D:1      | 753 ||| DROPPING scroll of butterflies.
   935 | D:2      | Reached XP level 3. HP: 20/20 MP: 5/5
  1075 | D:2      | Found Murahef's Magic Scroll Boutique.
  1093 | D:2      | 1093 ||| BUYING scroll of identify (20 gold).
  1093 | D:2      | Bought a scroll of identify for 20 gold pieces
  1093 | D:2      | 1093 ||| BUYING scroll of identify (20 gold).
  1093 | D:2      | Bought a scroll of identify for 20 gold pieces
  1093 | D:2      | 1093 ||| BUYING scroll of teleportation (30 gold).
  1093 | D:2      | Bought a scroll of teleportation for 30 gold pieces
  1375 | D:2      | Found Asugovo's Jewellery Boutique.
  1383 | D:2      | 1383 ||| SHOPLISTING ring of ice (350 gold, have 25).
  1383 | D:2      | 1383 ||| SHOPLISTING ring of poison resistance (280 gold,
                  | have 25).
  1383 | D:2      | 1383 ||| SHOPLISTING ring of protection from fire (350
                  | gold, have 25).
  1383 | D:2      | 1383 ||| SHOPLISTING ring of see invisible (210 gold, have
                  | 25).
  1383 | D:2      | 1383 ||| UPGRADING to +1 cloak of stealth.
  1388 | D:2      | 1388 ||| DROPPING ring of flight.
  1389 | D:2      | 1389 ||| UPGRADING to +4 ring of slaying {mikee}.
  1390 | D:2      | 1390 ||| UPGRADING to +6 ring of strength.
  1391 | D:2      | 1391 ||| READING scroll labelled APRUCL CATI.
  1392 | D:2      | 1392 ||| READING scroll labelled XODYN OGOO.
  1393 | D:2      | 1393 ||| READING scroll labelled RYRCHU TEIREL.
  1394 | D:2      | 1394 ||| READING 4 scrolls of identify.
  1394 | D:2      | 1394 ||| IDENTIFYING emerald potion
  1395 | D:2      | 1395 ||| READING 3 scrolls of identify.
  1395 | D:2      | 1395 ||| IDENTIFYING fuming sapphire potion
  1397 | D:2      | 1397 ||| Stepping ~*~*~tactically~*~*~ (cloud).
  1399 | D:2      | HP: 4/20 [poisoned by you (poison gas)]
  1401 | D:2      | HP: 1/20 [poisoned by you (poison gas)]
  1402 | D:2      | Succumbed to their own poison gas

Levels and vault maps discovered:
D:1:      minmay_arrival_three_doors, layout_loops_corners
D:2:      layout_loops_ring, serial_shops, shop, nicolae_shop_tiny_glass

Skill      XL: |  1  2 |
---------------+-------+-----
Ranged Weapons | 6 |  6.8
Fighting       | |  1.5
Dodging        | |  2.4
Stealth        | |  1.2

Action                     || total
---------------------------++-------
   Fire: Shortbow          ||    77
    Use: Scroll            ||     9
 Armour: Leather armour    ||     6
         Scale mail        ||     3
  Dodge: Dodged            ||    11

Table legend:
 A = Non-vault XP
 B = Vault XP
 C = Vault XP percentage of total XP
 D = Non-vault monster count
 E = Vault monster count
 F = Vault count percentage of total count
                 A         B        C        D         E       F
            +---------+---------+-------+---------+---------+-------
      Total |      51 |       0 |   0.0 |      31 |       0 |   0.0
            +---------+---------+-------+---------+---------+-------
        D:1 |      31 |       0 |   0.0 |      19 |       0 |   0.0
        D:2 |      20 |       0 |   0.0 |      12 |       0 |   0.0
            +---------+---------+-------+---------+---------+-------
